 Dungeon Crawl Stone Soup version 0.19-a0-1068-g99dd0f4 (webtiles) character file.

11795 HaroldButt the Cleaver (level 11, -1/100 HPs)
             Began as a Deep Dwarf Fighter on Aug 3, 2016.
             Was an Elder of Makhleb.
             Slain by a komodo dragon (19 damage)
             ... on level 2 of the Lair of Beasts on Aug 4, 2016.
             The game lasted 00:40:57 (9005 turns).

HaroldButt the Cleaver (Deep Dwarf Fighter)         Turns: 9005, Time: 00:40:57

Health: -1/100     AC: 12    Str: 21    XL:     11   Next: 54%
Magic:  14/14      EV: 16    Int:  9    God:    Makhleb [****..]
Gold:   342        SH:  0    Dex: 14    Spells: 0 memorised, 10 levels left

rFire  + . .     SeeInvis .     a - +1 war axe
rCold  + . .     Gourm    +     C - +2 ring mail {rC+}
rNeg   . . .     Faith    .     (no shield)
rPois  +         Spirit   .     (no helmet)
rElec  .         Dismiss  .     y - +2 cloak
rCorr  .         Reflect  .     (no gloves)
SustAt .         Harm     .     M - +0 pair of boots of the Falcon {rPois} (curse)
MR     +....                    n - amulet of the gourmand
Stlth  +.........               (no ring)
                                x - ring of flight

@: non-regenerating
A: damage resistance, recharge devices, fire resistance 1, sense surroundings 2,
slow regeneration 3
a: Device Recharging, Minor Destruction, Lesser Servant of Makhleb, Major
Destruction, Renounce Religion, Evoke Flight


You were on level 2 of the Lair of Beasts.
You worshipped Makhleb.
Makhleb was greatly pleased with you.
You were full.

You visited 3 branches of the dungeon, and saw 13 of its levels.

You collected 608 gold pieces.
You spent 266 gold pieces at shops.

Inventory:

Hand Weapons
 a - a +1 war axe (weapon)
 I - a +3 scimitar of flaming
Missiles
 q - 50 poisoned needles
Armour
 c - a +1 shield
 y - a +2 cloak (worn)
 C - a +2 ring mail of cold resistance (worn)
 F - a +0 plate armour
 M - the cursed +0 pair of boots of the Falcon (worn) {rPois}
   (You found it on level 10 of the Dungeon)

   It protects you from poison.
   It has a curse placed upon it.
Jewellery
 n - an amulet of the gourmand (around neck)
 x - a ring of flight (left hand)
Wands
 e - a wand of heal wounds (0/9)
 j - a wand of lightning (3/15)
 t - a wand of heal wounds (0/9)
 u - a wand of flame (11/48)
 B - a wand of teleportation (0/9)
 D - a wand of teleportation (4/9)
 N - a wand of slowing (38/48)
Scrolls
 g - a scroll of enchant armour
 p - 4 scrolls of remove curse
 v - 4 scrolls of magic mapping
 w - 2 scrolls of fog
 E - 7 scrolls of identify
 H - a scroll of amnesia
 J - 3 scrolls of fear
 O - a scroll of blinking
Potions
 d - a potion of might
 h - 2 potions of lignification
 i - 4 potions of curing
 k - a potion of heal wounds
 m - 2 potions of resistance
 o - 2 potions of berserk rage
 s - 5 potions of brilliance
 z - a potion of flight
 A - 2 potions of agility
 Q - a potion of cure mutation {unknown}
Books
 L - a book of Clouds

   Spells                             Type                      Level
   a - Mephitic Cloud                 Conjuration/Poison/Air       3
   b - Conjure Flame                  Conjuration/Fire             3
   c - Poisonous Cloud                Conjuration/Poison/Air       6
   d - Freezing Cloud                 Conjuration/Ice/Air          6
   e - Ring of Flames                 Charms/Fire                  7
 P - a book of Fire

   Spells                             Type                      Level
   a - Ignite Poison                  Fire/Transmutation/Poison    3
   b - Fireball                       Conjuration/Fire             5
   c - Bolt of Fire                   Conjuration/Fire             6
   d - Delayed Fireball               Conjuration/Fire             7
   e - Ring of Flames                 Charms/Fire                  7
Comestibles
 b - a royal jelly
 f - 11 bread rations
 l - a beef jerky
 r - 11 slices of pizza
 G - 2 meat rations
 K - 7 fruits


   Skills:
 - Level 7.2 Fighting
 + Level 13.9 Axes
 - Level 6.1 Armour
 - Level 8.9 Dodging
 - Level 3.2 Shields
 - Level 7.0 Invocations


You had 10 spell levels left.
You didn't know any spells.

Dungeon Overview and Level Annotations

Branches:
Dungeon (10/15)            Temple (1/1) D:7            Lair (2/6) D:10
    Orc (0/2) D:9
  Swamp: Lair:2-4    Shoals: Lair:2-4     Snake: Lair:2-4    Spider: Lair:2-4

Altars:
Ashenzari
Cheibriados
Dithmenos
Elyvilon
Fedhas
Gozag
Hepliaklqana
Kikubaaqudgha
Makhleb
Nemelex Xobeh
Okawaru
Pakellas
Qazlal
Ru
Sif Muna
Trog
Uskayaw
Vehumet
Xom
Yredelemnul
Zin
The Shining One

Shops:
D:4 ?   D:7 *


Innate Abilities, Weirdness & Mutations

You are resistant to damage.
You can recharge devices by infusing magical energy.
You passively map the area around you.
You do not regenerate naturally.
Your flesh is heat resistant. (rF+)


Message History

There is a stone staircase leading up here.
You slash the komodo dragon!
The komodo dragon is moderately wounded.
The komodo dragon bites you!!
You hit the komodo dragon but do no damage.
The komodo dragon is moderately wounded.
You barely miss the komodo dragon.
The komodo dragon is moderately wounded.
The komodo dragon bites you!!
* * * LOW HITPOINT WARNING * * *
Evoke which item? (* to show all) (? for menu, Esc to quit)
Zapping:
e - a wand of heal wounds (1/9)
Press: ? - help, Shift-Dir - straight line, f - you You feel much better.
This wand has 0 charges left.
The komodo dragon bites you!
* * * LOW HITPOINT WARNING * * *
Evoke which item? (* to show all) (? for menu, Esc to quit)
This wand has no charges.
A demon appears!
The komodo dragon bites you!!
You die...

* * , , * , , ,
, , , . * ,, , ,
.. , , , , ... *
, .... .,,, , ,
..... ...,
......####.....
, , ,
......l@.......,
, ,
#####3####.....,
, , * * ♣
*,...,, ,, , , ≈
,,,#,, , , , *≈*
, * , , , * , ,
, , , , , * , ,
≈* , * *,, * * *


You could see a komodo dragon and a friendly ynoxinul.

Vanquished Creatures
  Erica (D:9)
  A hill giant (D:10)
  Pikel (D:8)
  An obsidian statue (D:10)
  Psyche (D:9)
  A spiny frog (Lair:1)
  5 blink frogs (Lair:1)
  12 yaks
  A human (D:9)
  A hungry ghost (D:5)
  4 hippogriffs
  Menkaure (D:5)
  4 water moccasins (Lair:1)
  A porcupine (Lair:1)
  A slave (D:8)
  An orc warrior (D:9)
  5 phantoms
  3 ice beasts
  4 sky beasts
  A necrophage (D:10)
  4 ogres
  6 crocodiles
  3 centaurs
  2 big kobolds
  8 giant frogs
  Blork the orc (D:6)
  A wyvern zombie (D:10)
  A wyvern skeleton (D:9)
  3 scorpions
  5 killer bees (D:9)
  4 howler monkeys
  2 giant frog zombies
  2 centaur zombies
  4 crimson imps
  2 hounds
  8 orc wizards
  7 orc priests
  A centaur skeleton (D:7)
  A giant frog skeleton (D:5)
  An iron imp (D:5)
  Jessica (D:3)
  4 iguanas
  6 worker ants
  A killer bee zombie (D:10)
  A hound skeleton (D:6)
  A worker ant zombie (D:10)
  3 gnolls (D:7)
  9 adders
  2 shadow imps
  An ooze (D:4)
  An adder zombie (D:5)
  2 worms
  3 dart slugs
  4 giant geckos
  51 orcs
  A ball python (D:5)
  6 bats
  2 giant cockroaches
  9 goblins
  11 hobgoblins
  13 jackals
  4 quokkas
  2 giant gecko skeletons
  4 giant newts
  15 kobolds
  A quokka skeleton (D:4)
  4 rats
278 creatures vanquished.

Vanquished Creatures (others)
  A slave (D:8)
  An orc priest (D:8)
  2 orcs (D:8)
  A fungus (Lair:1)
5 creatures vanquished.

Grand Total: 283 creatures vanquished

Notes
Turn   | Place    | Note
-------+----------+-------------------------------------------
     0 | D:1      | HaroldButt the Deep Dwarf Fighter began the quest for the Orb.
     0 | D:1      | Reached XP level 1. HP: 20/20 MP: 1/1
   210 | D:1      | Reached skill level 3 in Axes
   270 | D:1      | Reached XP level 2. HP: 25/27 MP: 2/2
   787 | D:2      | Reached XP level 3. HP: 22/33 MP: 3/3
   839 | D:2      | Reached skill level 4 in Axes
  1046 | D:2      | Reached XP level 4. HP: 32/40 MP: 4/4
  1259 | D:3      | Noticed Jessica
  1266 | D:3      | Killed Jessica
  1266 | D:3      | Reached skill level 5 in Axes
  1293 | D:3      | Reached XP level 5. HP: 45/46 MP: 5/5
  1469 | D:3      | Reached skill level 6 in Axes
  1949 | D:4      | Reached skill level 7 in Axes
  1949 | D:4      | Reached XP level 6. HP: 38/55 MP: 6/6
  1974 | D:4      | Found a hazy altar of Hepliaklqana.
  2007 | D:4      | Reached skill level 8 in Axes
  2140 | D:4      | Found a shattered altar of Ashenzari.
  2202 | D:4      | Reached XP level 7. HP: 37/61 MP: 7/7
  2235 | D:4      | Found a sparkling altar of Nemelex Xobeh.
  2355 | D:4      | Found Sathrergha's Magic Scroll Emporium.
  2364 | D:4      | Bought a scroll of identify for 26 gold pieces
  2364 | D:4      | Bought a scroll of identify for 26 gold pieces
  2364 | D:4      | Bought a scroll of identify for 26 gold pieces
  2364 | D:4      | Bought a scroll of identify for 26 gold pieces
  2369 | D:4      | Gained mutation: Your flesh is heat resistant. (rF+) [potion of beneficial mutation]
  2472 | D:4      | Found a shimmering altar of Xom.
  2581 | D:5      | Entered Level 5 of the Dungeon
  2584 | D:5      | Noticed a hungry ghost
  2601 | D:5      | Killed a hungry ghost
  2601 | D:5      | Reached skill level 9 in Axes
  2959 | D:5      | Found a snail-covered altar of Cheibriados.
  3007 | D:5      | Noticed Menkaure
  3025 | D:5      | Killed Menkaure
  3025 | D:5      | Reached skill level 10 in Axes
  3025 | D:5      | Reached XP level 8. HP: 53/68 MP: 8/8
  3669 | D:6      | Reached skill level 11 in Axes
  3845 | D:6      | Found a stormy altar of Qazlal.
  3868 | D:6      | Reached skill level 12 in Axes
  3916 | D:6      | Noticed Blork the orc
  3925 | D:6      | Killed Blork the orc
  4245 | D:6      | Found a basalt altar of Yredelemnul.
  4273 | D:6      | Reached skill level 1 in Dodging
  4393 | D:6      | Gained mutation: You passively map the area around you. [Deep Dwarf growth]
  4393 | D:6      | Reached XP level 9. HP: 21/74 MP: 7/7
  5137 | D:7      | Found Senkien's General Store.
  5145 | D:7      | Bought a scroll of recharging for 114 gold pieces
  5145 | D:7      | Bought a scroll of identify for 24 gold pieces
  5145 | D:7      | Bought a scroll of identify for 24 gold pieces
  5173 | D:7      | Found a staircase to the Ecumenical Temple.
  5197 | Temple   | Entered the Ecumenical Temple
  5270 | Temple   | Became a worshipper of Makhleb the Destroyer
  5570 | D:6      | Found a deep blue altar of Sif Muna.
  5800 | D:7      | Reached skill level 5 in Armour
  5933 | D:8      | Reached * piety under Makhleb
  5963 | D:8      | Reached skill level 5 in Dodging
  6009 | D:8      | Noticed Pikel
  6035 | D:8      | Killed Pikel
  6215 | D:8      | Noticed a purple ugly thing
  6238 | D:9      | Noticed Psyche
  6245 | D:9      | Noticed Erica
  6290 | D:9      | Killed Erica
  6290 | D:9      | Reached XP level 10. HP: 23/81 MP: 8/8
  6343 | D:9      | Killed Psyche
  6470 | D:9      | Reached ** piety under Makhleb
  6593 | D:9      | Found a staircase to the Orcish Mines.
  6678 | D:9      | Reached skill level 5 in Fighting
  7195 | D:10     | Entered Level 10 of the Dungeon
  7269 | D:10     | Noticed a hill giant
  7289 | D:10     | Killed a hill giant
  7306 | D:10     | Reached *** piety under Makhleb
  7344 | D:10     | Noticed an obsidian statue
  7375 | D:10     | Reached skill level 5 in Invocations
  7375 | D:10     | Reached XP level 11. HP: 100/100 MP: 12/12
  7440 | D:10     | Found a staircase to the Lair.
  7639 | D:10     | Killed an obsidian statue
  7648 | D:10     | Got a pair of faintly glowing boots
  7659 | D:10     | Identified the cursed +0 pair of boots of the Falcon {rPois} (You found it on level 10 of the Dungeon)
  7817 | Lair:1   | Entered Level 1 of the Lair of Beasts
  7818 | Lair:1   | Upgraded the game from 0.19-a0-1065-gdac414d to 0.19-a0-1068-g99dd0f4
  8057 | Lair:1   | Reached skill level 13 in Axes
  8504 | Lair:1   | Reached **** piety under Makhleb
  9005 | Lair:2   | Slain by a komodo dragon

Vault maps used:
D:1:      scummos_arrival_simple_crosswalls
D:2:      first_bread
D:3:      uniq_jessica
D:4:      kennysheep_mini, ashenzari_altar_1, overflow_temple_1_default,
          nicolae_overflow_crystal_walls, serial_shops, shop_scrolls
D:5:      serial_bayou_pond_d, chei_slow_surprise, uniq_menkaure
D:6:      lemuel_coloured_pillars_altar, nicolae_overflow_hidden_temple,
          uniq_blork_the_orc
D:7:      serial_shops, nicolae_shop_crystal
D:8:      kennysheep_steamy, uniq_pikel
D:9:      orc_0_dummy, grunt_pizzeria, uniq_erica, uniq_psyche
D:10:     lair_0_dummy, minivault_16
Temple:   bh_familiar_temple
Lair:1:   serial_bayou_pond_e, st_stairs_5, grunt_forest_stairs_basic,
          minmay_hedge_maze, grunt_megastairs_2
Lair:2:   dpeg_oklob_gauntlet, guppyfry_snake_entry_garden, uniq_gastronok

Skill      XL: |  1  2  3  4  5  6  7  8  9 10 11 |
---------------+----------------------------------+-----
Axes           | 3 4 5 7 8 10 12 13 | 13.9
Dodging        | 2 8 |  8.9
Armour         | 4 6 |  6.1
Fighting       | 7 |  7.2
Invocations    | 5 7 |  7.0
Shields        | |  3.2

Action                   |  1- 3 |  4- 6 |  7- 9 | 10-12 || total
-------------------------+-------+-------+-------+-------++-------
Melee: War axe           |   150 |   149 |   489 |   472 ||  1260
Invok: Lesser Servant of |       |       |       |     1 ||     1
 Abil: Device Recharging |       |       |     2 |       ||     2
Evoke: Wand              |     1 |    13 |    18 |     5 ||    37
  Use: Scroll            |       |    12 |    13 |     9 ||    34
       Potion            |       |       |     2 |     3 ||     5
  Eat: Chunk             |     1 |     4 |     9 |    15 ||    29
       Meat ration       |       |       |     1 |       ||     1
       Beef jerky        |       |       |     1 |       ||     1
Armor: Scale mail        |    83 |    50 |   134 |       ||   267
       Chain mail        |       |       |    58 |    23 ||    81
       Plate armour      |       |       |       |   100 ||   100
       Ring mail         |       |       |       |    71 ||    71
Dodge: Dodged            |    89 |    70 |   178 |   285 ||   622
Block: Shield            |     5 |       |       |       ||     5
